 Dungeon Crawl Stone Soup version 0.19-a0-1170-g18f0c96 (webtiles) character file.

17 jacquesderrida the Cudgeler (level 2, -6/37 HPs)
             Began as a Minotaur Warper on Aug 17, 2016.
             Mangled by a gnoll
             ... wielding a +0 spear
              (9 damage)
             ... on level 2 of the Dungeon.
             The game lasted 00:00:42 (205 turns).

jacquesderrida the Cudgeler (Minotaur Warper)        Turns: 205, Time: 00:00:42

Health: -6/37      AC:  3    Str: 19 (20) XL:     2   Next: 44%
Magic:  3/3        EV: 11    Int:  9 (10) God:
Gold:   16         SH:  0    Dex:  6 (9)  Spells: 1 memorised, 2 levels left

rFire  . . .     SeeInvis .     a - +0 mace
rCold  . . .     Gourm    .     b - +0 leather armour
rNeg   . . .     Faith    .     (no shield)
rPois  .         Spirit   .     (helmet restricted)
rElec  .         Dismiss  .     (no cloak)
rCorr  .         Reflect  .     (no gloves)
MR     .....     Harm     .     (no boots)
Stlth  ..........               (no amulet)
                                (no ring)
                                (no ring)

@: berserking, very quick
A: retaliatory headbutt, horns 2
a: no special abilities


You were on level 2 of the Dungeon.
You were not hungry.

You visited 1 branch of the dungeon, and saw 2 of its levels.

You collected 16 gold pieces.

Inventory:

Hand Weapons
 a - a +0 mace (weapon)
Missiles
 e - 5 tomahawks of dispersal
 j - 3 javelins (quivered)
Armour
 b - a +0 leather armour (worn)
Scrolls
 d - 2 scrolls of blinking
 h - a scroll of magic mapping {unknown}
 k - 2 scrolls of identify {unknown}
Potions
 g - a potion of degeneration
Books
 c - a book of Spatial Translocations

   Spells                             Type                      Level
   a - Apportation                    Translocation                1
   b - Blink                          Translocation                2
   c - Shroud of Golubria             Charms/Translocation         2
   d - Portal Projectile              Translocation                3
   e - Teleport Other                 Translocation                3
   f - Passage of Golubria            Translocation                4
Comestibles
 f - 3 bread rations
 i - a meat ration


   Skills:
 - Level 2.4 Fighting
 + Level 3.8 Maces & Flails
 - Level 1.0 Throwing
 - Level 1.2 Armour
 - Level 2.1 Dodging
 - Level 1.3 Spellcasting
 - Level 2.1 Translocations


You had 2 spell levels left.
You knew the following spells:

 Your Spells              Type           Power        Failure   Level  Hunger
a - Apportation           Tloc           #.........   17%         1    ##.....


Dungeon Overview and Level Annotations

Branches:
Dungeon (2/15)

Altars:
Nemelex Xobeh


Innate Abilities, Weirdness & Mutations

You reflexively headbutt those who attack you in melee.
You have a pair of horns on your head.


Message History

The gnoll hits you from afar with a spear!
It was a potion of berserk rage.
A red film seems to cover your vision as you go berserk!
You feel yourself moving faster!
You feel mighty!
You feel a strong urge to attack something.
You barely miss the gnoll. Your headbutt misses the gnoll.
The gnoll hits you from afar with a spear.
The gnoll hits you.
You hit the gnoll. Your headbutt misses the gnoll.
The gnoll is heavily wounded.
The gnoll barely misses you. The gnoll hits you!
* * * LOW HITPOINT WARNING * * *
You are too injured to fight recklessly!
You are too injured to fight recklessly!
You are too injured to fight recklessly!
You barely miss the gnoll. You headbutt the gnoll!
You kill the gnoll!
You have reached level 2!
The gnoll hits you from afar with a spear!
You die...

#..... #.##.#
#.#### #.# #.#
#[# #.######
#.# #...g†.#
#.# #@#### #.#
#....########.#
####..........#
############


You could see a gnoll.

Vanquished Creatures
  A gnoll (D:2)
  A giant cockroach (D:1)
  2 hobgoblins (D:1)
  2 jackals (D:2)
  A bat (D:1)
7 creatures vanquished.

Notes
Turn   | Place    | Note
-------+----------+-------------------------------------------
     0 | D:1      | jacquesderrida the Minotaur Warper began the quest for the Orb.
     0 | D:1      | Reached XP level 1. HP: 18/18 MP: 1/1
    99 | D:1      | Reached skill level 3 in Maces & Flails
   133 | D:2      | Found a sparkling altar of Nemelex Xobeh.
   205 | D:2      | Reached XP level 2. HP: 3/25 MP: 3/3
   205 | D:2      | Mangled by a gnoll

Vault maps used:
D:1:      saegor_arrival_simple_a
D:2:      old_standard_altar

Skill      XL: |  1 |
---------------+----+-----
Maces & Flails | 3 |  3.8
Fighting       | |  2.4
Throwing       | |  1.0
Armour         | |  1.2
Dodging        | |  2.1
Spellcasting   | |  1.3
Translocations | |  2.1

Action                   || total
-------------------------++-------
Melee: Mace              ||    13
       Headbutt          ||     2
  Use: Potion            ||     2
Armor: Leather armour    ||     3
Dodge: Dodged            ||     7
